 Dungeon Crawl Stone Soup version 0.20.1-1-g8b1a95d (webtiles) character file.

1062 Internecine the Magician (level 8, -3/46 HPs)
             Began as a Deep Elf Fire Elementalist on Oct 1, 2017.
             Was an Initiate of Sif Muna.
             Slain by a slave (6 damage)
             ... led by Pikel
             ... on level 5 of the Dungeon.
             The game lasted 01:11:05 (5645 turns).

Internecine the Magician (DEFE)                     Turns: 5645, Time: 01:11:06

Health: -3/46      AC: 11    Str:  5    XL:     8   Next: 6%
Magic:  17/19      EV:  7    Int: 23    God:    Sif Muna [......]
Gold:   275        SH:  3    Dex: 15    Spells: 14/20 levels left

rFire    + + +     SeeInvis .   L - +1 dagger (flame)
rCold    x . .     Gourm    .   a - +0 buckler
rNeg     . . .     Faith    .   x - +3 ring mail {MR+}
rPois    .         Spirit   .   E - +2 helmet
rElec    .         Reflect  .   (no cloak)
rCorr    .         Harm     .   (no gloves)
MR       +....                  (no boots)
Stlth    +.........             (no amulet)
Regen    0.2/turn               i - ring of fire
MPRegen  0.2/turn               z - ring of protection from fire

@: very slightly contaminated, very heavily drained
A: fire resistance 1, robust 1
a: Renounce Religion


You were on level 5 of the Dungeon.
You worshipped Sif Muna.
Sif Muna was noncommittal.
You were not hungry.

You visited 2 branches of the dungeon, and saw 7 of its levels.

You collected 275 gold pieces.

Inventory:

Hand Weapons
 y - a +0 hunting sling
 L - a +1 dagger of flaming (weapon)
Missiles
 e - 150 stones (quivered)
 f - 2 throwing nets
 n - 40 sling bullets
 C - 21 poisoned needles
 O - 8 javelins
Armour
 a - a +0 buckler (worn)
 x - a +3 ring mail of magic resistance (worn)
 E - a +2 helmet (worn)
 P - a +0 shield
Jewellery
 g - an uncursed ring of flight
 i - a ring of fire (left hand)
 z - a ring of protection from fire (right hand)
Scrolls
 d - a scroll of remove curse
 k - 3 scrolls of blinking
 m - a scroll of fog
 o - a scroll of recharging
 s - 2 scrolls of magic mapping
Potions
 h - 4 potions of brilliance
 H - a potion of haste {unknown}
 K - a potion of invisibility {unknown}
 N - a potion of might {unknown}
Books
 b - a book of Flames

   Spells                             Type                      Level
   a - Flame Tongue                   Conjuration/Fire             1
   b - Throw Flame                    Conjuration/Fire             2
   c - Conjure Flame                  Conjuration/Fire             3
   d - Inner Flame                    Hexes/Fire                   3
   e - Sticky Flame                   Conjuration/Fire             4
   f - Fireball                       Conjuration/Fire             5
Comestibles
 c - 4 bread rations
 w - 4 royal jellies


   Skills:
 + Level 0.5(0.0) Fighting
 + Level 0.4(0.0) Short Blades
   Level 0.3(0.0) Polearms
 + Level 1.0(0.0) Slings
 + Level 1.5(0.0) Throwing
 + Level 1.8(0.0) Armour
 + Level 3.7(0.0) Dodging
 + Level 3.0(0.0) Stealth
 * Level 2.6(0.0) Shields
 + Level 6.6(1.2) Spellcasting
 + Level 4.4(0.0) Conjurations
 + Level 5.2(0.1) Fire Magic


You had 14 spell levels left.
You knew the following spells:

 Your Spells              Type           Power        Failure   Level  Hunger
a - Flame Tongue          Conj/Fire      #....        73%         1    ##.....
b - Throw Flame           Conj/Fire      #.....       86%         2    ###....
c - Conjure Flame         Conj/Fire      #.......     97%         3    ####...


Dungeon Overview and Level Annotations

Branches:
Dungeon (6/15)             Temple (1/1) D:5

Altars:
Cheibriados
Dithmenos
Gozag
Kikubaaqudgha
Nemelex Xobeh
Okawaru
Qazlal
Ru
Sif Muna
The Shining One

Annotations:
D:5 Edmund


Innate Abilities, Weirdness & Mutations

Your flesh is heat resistant. (rF+)
You are robust. (+10% HP)


Message History

You block the slave's attack.
You barely miss the slave.
The slave is almost dead.
The slave closely misses you.
You hear some strange, mumbled words.
You barely miss the slave.
The slave is almost dead.
The slave hits you.
* * * LOW HITPOINT WARNING * * *
You barely miss the slave.
The slave is almost dead.
The slave closely misses you.
You closely miss the slave.
The slave is almost dead.
The slave completely misses you.
You hit the slave. You burn the slave.
The slave is almost dead.
The slave barely misses you. The slave hits you.
You die...

. ...## ##((
....## ...(#
.....#
######(.(.#
....#
###.@p.{{...#
...#
#...####$....#
..# #..##
#.... .# #..##
### .# ##..##
## ###.## ###
.## ##.##
###.## ..##
#..#####..).#
....########
##.......#.##


You could see a slave.

Vanquished Creatures
  Grinder (D:5)
  A hungry ghost (D:5)
  A bullfrog (D:4)
  A scorpion (D:5)
  A howler monkey (D:4)
  An orc priest (D:4)
  A jelly (D:5)
  2 hounds (D:4)
  A bullfrog skeleton (D:5)
  3 orc wizards (D:4)
  Jessica (D:2)
  4 worker ants
  Robin (D:2)
  9 adders
  A shadow imp (D:4)
  2 oozes
  An adder skeleton (D:4)
  A worm (D:4)
  2 dart slugs (D:1)
  A leopard gecko (D:4)
  14 orcs
  5 giant cockroaches
  14 goblins
  12 hobgoblins
  5 jackals
  4 quokkas
  7 bats
  7 frilled lizards
  A jackal zombie (D:4)
  7 kobolds
  12 rats
  A butterfly (D:5)
  A fungus (D:1)
126 creatures vanquished.

Notes
Turn   | Place    | Note
-------+----------+-------------------------------------------
     0 | D:1      | Internecine the Deep Elf Fire Elementalist began the quest for the Orb.
     0 | D:1      | Reached XP level 1. HP: 10/10 MP: 6/6
    91 | D:1      | Reached XP level 2. HP: 11/15 MP: 2/8
   742 | D:1      | Reached XP level 3. HP: 19/19 MP: 2/10
  1062 | D:1      | Learned a level 2 spell: Throw Flame
  1066 | D:1      | Learned a level 3 spell: Conjure Flame
  1077 | D:2      | Found a faded altar of an unknown god.
  1682 | D:2      | Noticed Jessica
  1688 | D:2      | Killed Jessica
  1688 | D:2      | Reached skill level 4 in Spellcasting
  1688 | D:2      | Reached XP level 4. HP: 24/24 MP: 0/12
  1790 | D:2      | Noticed Robin
  1836 | D:2      | Killed Robin
  1838 | D:2      | HP: 1/24 [hobgoblin/dagger[Robin] (2)]
  2175 | D:2      | Found an ancient bone altar of Kikubaaqudgha.
  2201 | D:2      | Found an iron altar of Okawaru.
  2347 | D:2      | Gained mutation: You are weak. (Str -2) [potion of mutation]
  2347 | D:2      | Gained mutation: You are agile. (Dex +2) [potion of mutation]
  2350 | D:2      | Lost mutation: You are weak. (Str -2) [potion of mutation]
  2350 | D:2      | Lost mutation: You are agile. (Dex +2) [potion of mutation]
  2350 | D:2      | Gained mutation: Your magical capacity is low. (-10% MP) [potion of mutation]
  2350 | D:2      | Gained mutation: You are covered in fur. (AC +1) [potion of mutation]
  2380 | D:3      | Found a shadowy altar of Dithmenos.
  2631 | D:3      | Reached XP level 5. HP: 28/28 MP: 9/12
  2672 | D:3      | Reached skill level 1 in Shields
  2804 | D:3      | Reached skill level 1 in Armour
  3142 | D:3      | Lost mutation: You are covered in fur. (AC +1) [potion of mutation]
  3142 | D:3      | Lost mutation: Your magical capacity is low. (-10% MP) [potion of mutation]
  3142 | D:3      | Gained mutation: You are robust. (+10% HP) [potion of mutation]
  3142 | D:3      | Gained mutation: Your flesh is heat resistant. (rF+) [potion of mutation]
  3177 | D:4      | Reached skill level 1 in Throwing
  3237 | D:4      | Reached XP level 6. HP: 30/35 MP: 6/15
  3504 | D:4      | Reached skill level 5 in Spellcasting
  3881 | D:4      | Reached XP level 7. HP: 38/39 MP: 4/17
  4179 | D:5      | Entered Level 5 of the Dungeon
  4203 | D:5      | Found a staircase to the Ecumenical Temple.
  4217 | Temple   | Entered the Ecumenical Temple
  4268 | Temple   | Became a worshipper of Sif Muna the Loreminder
  4321 | D:5      | Noticed Grinder
  4330 | D:5      | Killed Grinder
  4330 | D:5      | Reached skill level 1 in Slings
  4330 | D:5      | Reached skill level 6 in Spellcasting
  4330 | D:5      | Reached skill level 5 in Fire Magic
  4802 | D:5      | Noticed Edmund
  4807 | D:5      | Noticed a hungry ghost
  4824 | D:5      | Killed a hungry ghost
  4824 | D:5      | Reached XP level 8. HP: 13/46 MP: 4/19
  5641 | D:5      | HP: 2/46 [slave[Pikel] (6)]
  5645 | D:5      | Slain by a slave

Skill      XL: |  1  2  3  4  5  6  7 |
---------------+----------------------+-----
Conjurations   | 2 3 4 |  4.4
Stealth        | 3 |  3.0
Spellcasting   | 4 5 6 |  6.6
Fire Magic     | 4 5 |  5.2
Shields        | 1 2 |  2.6
Armour         | 1 |  1.8
Throwing       | 1 |  1.5
Dodging        | 3 |  3.7
Slings         | 1 |  1.0
Fighting       | |  0.5
Short Blades   | |  0.4
Polearms       | |  0.3

Action                   |  1- 3 |  4- 6 |  7- 9 || total
-------------------------+-------+-------+-------++-------
Melee: Short sword       |    76 |    10 |       ||    86
       Spear             |       |    63 |       ||    63
       Dagger            |       |       |    58 ||    58
 Fire: Hunting sling     |     5 |     1 |    13 ||    19
Throw: Stone             |    11 |    38 |       ||    49
 Cast: Flame Tongue      |    42 |   105 |    45 ||   192
       Throw Flame       |    12 |    13 |    21 ||    46
       Conjure Flame     |     1 |     1 |       ||     2
  Use: Scroll            |       |     9 |     5 ||    14
       Potion            |       |     6 |     3 ||     9
 Stab: Sleeping          |     1 |       |       ||     1
  Eat: Chunk             |     2 |     8 |     1 ||    11
       Fruit             |       |       |     2 ||     2
       Meat ration       |       |       |     1 ||     1
Armor: Leather armour    |     8 |       |       ||     8
       Robe              |     1 |       |       ||     1
       Ring mail         |    18 |    83 |    38 ||   139
Dodge: Dodged            |    56 |    73 |    42 ||   171
Block: Buckler           |       |       |     8 ||     8
